[Event "Budapest One Week IM-A 03-2025"]
[Site "Budapest"]
[Date "2025.03.17"]
[Round "1.1"]
[White "Horvath, David"]
[Black "Turzo, Attila"]
[Result "1-0"]
[Annotator "NA RC"]
[ECO "D15"]
[WhiteElo "2279"]
[BlackElo "2272"]
[PlyCount "39"]
[EventDate "2025.03.17"]
[EventType "tourn"]
[EventCountry "HUN"]
[SourceTitle "playchess.com"]
[Source "ChessBase"]
[SourceQuality "1"]
[TimeControl "5400+30"]

1. d4 d5 2. c4 c6 3. Nf3 Nf6 4. Nc3 a6 5. e3 Bf5 6. Ne5 b5 7. cxd5 cxd5 8. Bd2 Bd7 9. a4 b4 10. Nxd5 Nxd5 11. Nxf7 Kxf7 12. Qh5+ Kf6 13. Qe5+ Kg6 14. Bd3+ Kh6 15. e4+ Kg6 16. Qxd5 e6 17. Qxa8 Bc6 18. Qa7 Nd7 19. Qxa6 Nb8 20. Qc4 1-0

[Event "Budapest One Week IM-A 03-2025"]
[Site "Budapest"]
[Date "2025.03.17"]
[Round "1.2"]
[White "Rydstrom, Tom"]
[Black "Foldes, Marton Gabor"]
[Result "1-0"]
[Annotator "TA"]
[ECO "B40"]
[WhiteElo "2301"]
[BlackElo "2332"]
[PlyCount "69"]
[EventDate "2025.03.17"]
[EventType "tourn"]
[EventCountry "HUN"]
[SourceTitle "playchess.com"]
[Source "ChessBase"]
[SourceQuality "1"]
[TimeControl "5400+30"]

1. e4 c5 2. Nf3 e6 3. d4 cxd4 4. Nxd4 Nf6 5. Nc3 Nc6 6. Nxc6 bxc6 7. Bd3 e5 8. O-O Be7 9. b3 O-O 10. Bb2 d5 11. Qe2 {[%emt 0:01:13] B45: Sicilian Four Knights.} Re8 12. h3 (12. exd5 cxd5 13. Nd1 (13. Qxe5 Ba3 $15) 13... Bc5 $17) 12... Bd6 $146 ({Predecessor:} 12... h6 13. Rad1 Bd7 14. Qf3 d4 15. Nb1 Be6 16. Nd2 Qc7 17. Nc4 Nd7 18. Qg3 Bg5 {½-½ Buljubasic,S (2273)-Skvortsov,A (2343) Travnik op 2024 (5)}) 13. Rad1 {[%emt 0:09:11] The position is equal.} Be6 (13... Bb7 $11) 14. exd5 $1 $14 cxd5 {[%emt 0:05:00][%cal Oa7a6] [#]} 15. Bb5 {[%emt 0:01:00] White is more active.} Re7 16. Bc6 d4 17. Bxa8 $18 Qxa8 18. Qa6 $2 (18. Nb5 $18 Bb8 19. f4) 18... Bc7 $11 19. Nb5 Bb6 $1 20. Rfe1 (20. c3 $1 $14) 20... Ne4 ({Better is} 20... Nd5 $11 21. Nxd4 (21. Rxe5 $2 Bc8 $19) 21... exd4 22. Bxd4 Nb4 (22... Nf4 23. f3 $11)) 21. Re2 (21. Na3 $14) 21... Bd5 {[%emt 0:01:34] and ...Nc5 would now be decisive} 22. Nxd4 exd4 23. Bxd4 Bb7 {[%emt 0:01:53] This pair of bishops is nice.} (23... Bxd4 $5 24. Rxd4 Nc5 25. Rxe7 (25. Qb5 Rxe2 26. Qxe2 Bxg2 $11) 25... Nxa6 26. Rxd5 h5 $16) 24. Qd3 Rd7 25. Qe3 (25. c3 $1 $11) 25... Nf6 $2 {[%emt 0:00:42] [#]} (25... Qd8 $1 $15 {stays ahead.} 26. c3 h6) 26. Red2 $1 $16 Nd5 (26... Bxg2 $2 {loses.} 27. Bxb6 Rxd2 28. Rxd2 $18 (28. Qxd2 axb6 29. Qd8+ Ne8 $11)) (26... Rxd4 $1 $14 27. Rxd4 Bxg2) 27. Qe5 $18 Bxd4 28. Rxd4 $40 {[%emt 0:00:01][%mdl 128] and c4 should not be overlooked White has strong attack.} Kf8 $2 (28... Rd8 $16) 29. c4 {[%emt 0:00:33][%cal Bc2c4,Bc4d5][%mdl 32] White is clearly winning.} Re7 30. Qh5 ({Don't take} 30. Qg3 Qe8 31. cxd5 Bc8) 30... Qe8 31. cxd5 Re5 32. Qf3 Re1+ 33. Rxe1 Qxe1+ 34. Kh2 Qe5+ 35. Qf4 {[%emt 0:00:03] Weighted Error Value: White=0.38/Black=0.60  Loses game:     	---       	Black=1      Missed win:     	White=1     	---        Mistake:       	White=3     	Black=5      Inaccurate:     	White=2     	Black=2      OK:         	White=6     	Black=2      Best:        	White=4     	Black=1      Strong:       	White=2     	Black=1} 1-0

[Event "Budapest One Week IM-A 03-2025"]
[Site "Budapest"]
[Date "2025.03.17"]
[Round "1.3"]
[White "Tscheuschner, Georg"]
[Black "Ratsma, Midas"]
[Result "1-0"]
[Annotator "TA"]
[ECO "A06"]
[WhiteElo "2236"]
[BlackElo "2268"]
[PlyCount "59"]
[EventDate "2025.03.17"]
[EventType "tourn"]
[EventCountry "HUN"]
[SourceTitle "playchess.com"]
[Source "ChessBase"]
[SourceQuality "1"]
[TimeControl "5400+30"]

1. Nf3 d5 2. c4 e6 3. e3 Nf6 4. Nc3 Bd6 5. b3 O-O 6. Bb2 {[%emt 0:00:04] A17: English Opening: 1...Nf6 with ...Bb4.} Re8 7. Nb5 $1 {[%emt 0:00:34][%mdl 4] outshines the older 7.d4.} Be7 8. Be5 {[%emt 0:00:34] The position is equal.} Na6 9. Be2 c6 10. Nc3 Ne4 11. Qc2 Nb4 12. Qb1 {[%emt 0:00:15] A sharp opening} f6 13. Bg3 Nxg3 $146 (13... e5 14. cxd5 Nxc3 15. dxc3 Nxd5 16. O-O Nxc3 17. Bc4+ Kh8 18. Qc2 Nd5 19. Rfd1 Qb6 {0-1 Keymer,V (2721)-Praggnanandhaa,R (2757) Biel GM1 Blitz 57th 2024 (4)}) 14. hxg3 g6 15. a3 Na6 16. d4 Kg7 17. Qc1 Bf8 18. e4 Kg8 $1 19. Qf4 (19. e5 {simplifies} Bg7 20. b4 Rf8 21. Qe3) 19... Qa5 20. Kd2 $36 {[%emt 0:03:01][%cal Oh1h7][%mdl 2048] White has some pressure.} dxe4 {[%emt 0:29:07] [#]} (20... e5 $11 {remains equal.} 21. Qh4 h5) 21. Qh4 $1 $16 {[%emt 0:14:08][%csl Gh1][%cal Rh4h7] Really sharp!} Re7 (21... h5 22. Qxe4) 22. b4 (22. Qxe4 e5 23. b4 Qd8 $14) 22... Qd8 23. Nxe4 ({And not} 23. Qxe4 e5 24. d5 Bf5 $17) 23... Rf7 24. Bd3 {[%emt 0:02:53] White has more active pieces. The black rooks are passive.} h6 $2 {[%emt 0:03:14][%mdl 8192] This costs Black the game.} (24... Be7 $16) 25. Ne5 {[%emt 0:01:31] Threatens to win with Ng4.} g5 $2 (25... Bg7 26. Nxf7 Kxf7) 26. Nxf7 Kxf7 27. Qh5+ Ke7 28. Nxf6 Kxf6 $2 (28... Bg7 $18 29. Ne4 Qxd4) 29. Qg6+ Ke7 30. Qh7+ {[%emt 0:00:04] Weighted Error Value: White=0.29 (precise) /Black=0.80  Loses game:     	---       	Black=1      Mistake:       	---       	Black=3      Inaccurate:     	White=2     	Black=2      OK:         	White=8     	Black=9      Best:        	White=3     	Black=2      Strong:       	White=1     	Black=1} 1-0

[Event "Budapest One Week IM-A 03-2025"]
[Site "Budapest"]
[Date "2025.03.17"]
[Round "1.4"]
[White "Nakahara, Kan"]
[Black "Singh, Siddharth"]
[Result "1/2-1/2"]
[Annotator "TA"]
[ECO "B90"]
[WhiteElo "2113"]
[BlackElo "2239"]
[PlyCount "116"]
[EventDate "2025.03.17"]
[EventType "tourn"]
[EventCountry "HUN"]
[SourceTitle "playchess.com"]
[Source "ChessBase"]
[SourceQuality "1"]
[TimeControl "5400+30"]

1. e4 c5 2. Nf3 d6 3. d4 cxd4 4. Nxd4 Nf6 5. Nc3 a6 6. Be3 e5 7. Nf3 Be7 8. Bc4 O-O 9. O-O Nc6 10. h3 {[%emt 0:00:21] B90: Sicilian Najdorf: Unusual White 6th moves, 6 Be3 Ng4 and 6 Be3 e5.} Be6 11. Bb3 Na5 12. Bg5 Nxb3 13. axb3 Nd7 14. Bxe7 Qxe7 15. Qd2 Nf6 16. Rfd1 Rfd8 17. Qe3 Rac8 $146 (17... Qc7 18. Ne1 d5 19. exd5 Nxd5 20. Nxd5 Bxd5 21. c4 Bc6 22. Nd3 f6 23. Nb4 a5 24. Nxc6 Qxc6 25. Rxd8+ Rxd8 26. Rxa5 {1-0 Goryachkina,A (2558)-Kuzmin,R (2167) Titled Tuesday intern op 05th Sep Early blitz 2023 (6)}) 18. Rd2 Rc6 19. Rad1 Rdc8 20. Nh4 b5 21. Nf5 Bxf5 22. exf5 h6 23. b4 Kh7 24. Nd5 Nxd5 25. Rxd5 Rxc2 26. Rxd6 R2c6 (26... Rxb2 27. f6 gxf6 28. Qe4+ (28. Qf3 Rc1 $16) 28... Kh8 29. Qf5 $18 (29. Rxa6 Rxb4 30. Qf5 Qf8 $16) (29. Qh4 Rb1 $11)) 27. R6d5 Qxb4 28. Qxe5 {[%emt 0:01:11] The position is equal.} Rf6 29. Rd8 Qc5 30. Qxc5 Rxc5 $11 {[%emt 0:00:05][%mdl 4096] Endgame KRR-KRR} 31. g4 {[%emt 0:01:03] [#]} Rfc6 32. R1d7 Rc7 33. Kg2 Rxd7 34. Rxd7 {[%emt 0:00:02] KR-KR} f6 35. Ra7 Rc2 36. Rxa6 Rxb2 37. Ra7 b4 38. Rb7 b3 39. h4 Kg8 40. Rb8+ Kf7 41. Rb7+ Kf8 42. Rb8+ Ke7 43. Rb7+ Kd6 44. Rxg7 Kc6 {[%emt 0:00:05] [#]} 45. Rg8 Kc7 46. Rg7+ Kc6 47. Rg8 {[%emt 0:00:06] aiming for g5.} Kc7 48. Re8 Rc2 {[%emt 0:00:31] Strongly threatening ...b2.} 49. Re3 b2 50. Rb3 Kd6 51. Rb6+ Ke5 52. Rb4 Rc4 53. f4+ Rxf4 54. Rb5+ Ke4 55. Kg3 Rf3+ 56. Kg2 Rf4 57. Kg3 Rf3+ 58. Kg2 Rf4 {An interesting draw.   Weighted Error Value: White=0.02 (flawless) /Black=0.02 (flawless)   OK:         	White=24    	Black=24     Best:        	White=2     	Black=1} 1/2-1/2

[Event "Budapest One Week IM-A 03-2025"]
[Site "Budapest"]
[Date "2025.03.17"]
[Round "1.5"]
[White "Krizsany, Laszlo"]
[Black "Chakrabarty, Reyaansh"]
[Result "1-0"]
[Annotator "TA"]
[ECO "D59"]
[WhiteElo "2287"]
[BlackElo "2181"]
[PlyCount "105"]
[EventDate "2025.03.17"]
[EventType "tourn"]
[EventCountry "HUN"]
[SourceTitle "playchess.com"]
[Source "ChessBase"]
[SourceQuality "1"]
[TimeControl "5400+30"]

1. d4 d5 2. c4 e6 3. Nc3 Be7 4. Nf3 Nf6 5. Bg5 h6 6. Bh4 O-O 7. e3 b6 8. cxd5 Nxd5 9. Bxe7 Qxe7 10. Nxd5 exd5 11. Rc1 Be6 12. Qa4 c5 {[%emt 0:00:05] D59: Queen's Gambit Declined: Tartakower Defence: Main line (8 cxd5 Nxd5).} 13. b3 Rc8 14. Be2 Nd7 {[%emt 0:02:40][%cal Bb8d7,Bd7f6,Bf6e4,Be4g5,Bg5f3][%mdl 32] The position is equal.} 15. O-O a5 $146 (15... Nf6 16. Ne5 Qd6 17. Qa3 a5 18. Nd3 Ne4 19. dxc5 bxc5 20. Nf4 a4 {½-½ Contos,V (2438)-Valinova,J (2363) CZE-ch29 final email 2017}) 16. Rfd1 Nf6 17. Ne5 Ne4 18. Bf3 Ng5 19. dxc5 Nxf3+ 20. Nxf3 bxc5 21. Rc3 Qa7 22. Rdc1 Rc7 23. h3 (23. Qf4 $5) 23... Rac8 24. Qf4 Qb6 {[%emt 0:01:25] [#]} 25. Nd4 $1 Ra7 (25... c4 26. a3) 26. Qe5 Rac7 27. e4 Bd7 $2 {[%emt 0:04:45] This move loses the game for Black.} (27... dxe4 $14 28. Nxe6 Qxe6 29. Qxe6 (29. Rxc5 $2 Qxe5 30. Rxe5 Rxc1+ $19) 29... fxe6) 28. exd5 $40 {[%emt 0:04:15][%cal Od4c6][%mdl 128] Black is in trouble.} Re8 29. Qf4 Rcc8 30. Nf3 f6 31. Nd2 Re2 32. Nc4 Qa6 (32... Qc7 {was necessary.} 33. Qxc7 Rxc7 34. Nxa5 Rxa2) 33. a4 Rce8 34. Qc7 R8e7 35. d6 Rf7 36. Qxa5 ({Less strong is} 36. Nxa5 Be8 $16) 36... Qb7 (36... Qxa5 37. Nxa5 Rd2) 37. Qxc5 Re8 38. Ne3 Re5 39. Qd4 Rg5 40. h4 Re5 41. Rd3 Kh7 (41... Be6 $142 42. Qc3 Rd7 43. Qc8+ Kh7 44. Qxb7 Rxb7) 42. Rc7 Qa8 43. Nd5 Qa5 44. Rd1 Re6 45. Nf4 Re8 46. Qd5 Re1+ 47. Kh2 Qxd5 48. Rxd5 g5 49. Nd3 Rd1 50. Nb4 Rb1 51. Rd3 gxh4 52. Nd5 {[%emt 0:00:15][%cal Oc7d7] And now Rxd7! would win.} h3 {[%emt 0:00:03] [#]} 53. Rxd7 $1 {[%emt 0:00:20] Weighted Error Value: White=0.18 (very precise) /Black=0.56  Loses game:     	---       	Black=1      Mistake:       	---       	Black=3      Inaccurate:     	---       	Black=2      OK:         	White=15    	Black=10     Best:        	White=1     	---} 1-0

[Event "Budapest One Week IM-A 03-2025"]
[Site "Budapest"]
[Date "2025.03.18"]
[Round "2.1"]
[White "Turzo, Attila"]
[Black "Chakrabarty, Reyaansh"]
[Result "1/2-1/2"]
[Annotator "TA"]
[ECO "D02"]
[WhiteElo "2272"]
[BlackElo "2181"]
[PlyCount "120"]
[EventDate "2025.03.17"]
[EventType "tourn"]
[EventCountry "HUN"]
[SourceTitle "playchess.com"]
[Source "ChessBase"]
[SourceQuality "1"]
[TimeControl "5400+30"]

1. d4 d5 2. Bf4 Nf6 3. Nf3 e6 4. e3 c5 5. c3 Nc6 6. Nbd2 Be7 7. Bd3 O-O 8. Ne5 {[%emt 0:00:34] 8.0-0 injects fresh life into this line.} Nxe5 9. dxe5 Nd7 {[%emt 0:00:33] D02: 1 d4 d5 2 Nf3 sidelines, including 2...Nf6 3 g3 and 2...Nf6 3 Bf4.} 10. Nf3 c4 11. Bc2 f6 12. exf6 Bxf6 13. Bd6 $146 (13. Qb1 e5 14. Bg3 e4 15. Bd6 Be7 16. Qd1 exf3 17. Qxd5+ Rf7 18. Bxe7 Qxe7 19. gxf3 {0-1 Corredor Castellanos,C (1924)-Fiesco Hoyos,J (1661) COL-ch Superate A blitz 2015 (3.1)}) 13... Be7 14. Bxe7 Qxe7 15. e4 b5 16. O-O Bb7 17. e5 Qe8 (17... a5 $14) 18. Re1 (18. Nd4 $16) 18... a5 $14 19. Nd4 Nc5 20. Qg4 b4 21. Re3 Qe7 (21... g6 $1 $14) 22. f4 {[%emt 0:11:39] White has a king side majority} (22. Rg3 $16) 22... bxc3 23. bxc3 Bc8 24. Rh3 {[%emt 0:12:34] White is much more active.} Nd3 25. Bxd3 $40 {[%emt 0:01:10][%mdl 128] White wants a kill.} cxd3 26. Rxd3 Bd7 27. g3 (27. Qf3 $16) 27... Rab8 28. Rd2 Rfc8 29. Rc1 Rc4 30. Qf3 (30. Kg2 $14) 30... Qa3 $11 31. Rcc2 Ba4 32. Nxe6 Re4 $2 {[%emt 0:01:11][%mdl 8192] [#]} (32... Bxc2 $14 33. Rxc2 h6) 33. Qg4 $1 $18 Qe7 (33... g6 34. Ng5 Qc5+ 35. Kg2) 34. Rb2 $1 (34. Rc1 Bd7 35. Qxg7+ Qxg7 36. Nxg7 Kxg7 $14) 34... Re8 {[%emt 0:04:12] [#]} 35. Qxg7+ $2 Qxg7 $16 36. Nxg7 Kxg7 37. Rxd5 Rc4 38. Rxa5 ({White should play} 38. Rb7+ $16 Kg8 39. Rxa5) 38... Bc6 $1 $14 39. Ra7+ Kg6 $1 40. Rc7 Kf5 $1 41. Rb6 Re6 42. Rf7+ Kg6 43. Rf8 Kh5 44. Rc8 (44. Rb3 $16) 44... Kg4 45. Kf2 Rxc3 {[%emt 0:00:32] [#]} 46. h3+ Kxh3 $17 47. a4 Rc2+ ({Better is} 47... Rg6 $17 {Hoping for ...Rc2+.} 48. f5 Rc2+ (48... Rgxg3 49. Rbxc6 Rgf3+ 50. Kg1 $11) 49. Ke3 (49. Ke1 Rxg3 50. Kd1 Rh2) 49... Rxg3+ 50. Kd4 Rd2+ (50... Bxa4 51. Rh6+ Kg2 52. Rxc2+ Bxc2 53. f6 $11) 51. Kc4 Bd5+ (51... Bxa4 52. Rh8 $15) 52. Kb5 Rg5 53. Rh6+ Kg4 54. Rxh7 Kxf5 (54... Rxf5 55. Rc5 $17)) 48. Ke3 $11 Kxg3 (48... Bxa4 {simplifies} 49. Rxe6 Rxc8 50. Rh6+ Kxg3 51. Rxh7 Rc3+) 49. Rg8+ Rg6 50. Rc8 (50. Rxg6+ $11 hxg6 51. a5) 50... Bxa4 (50... Kh3 {with more complications.} 51. Kd4 Kg4 52. Rf8 Bxa4 53. e6 Rf2) 51. Rxg6+ hxg6 $17 {[%emt 0:00:07][%mdl 4096] Endgame KRB-KR} 52. Rg8 Bd7 53. Rxg6+ {[%emt 0:00:05] The position is equal.} Bg4 54. f5 Re2+ 55. Kd4 Kf4 56. f6 {[%emt 0:00:40][%cal Og6g4] Rxg4+! is the strong threat.} Re4+ (56... Rxe5 $2 {is the wrong capture.} 57. Rxg4+ Kf5 58. f7 $18 (58. Rg5+ Kxg5 59. Kxe5 Kh6 60. Ke6 Kg5 61. f7 Kf4 62. f8=Q+ Ke4 63. Qb4+ Kd3)) 57. Kd5 Rxe5+ 58. Kd6 Re6+ 59. Kd5 Re5+ 60. Kd6 {[%emt 0:00:02][%cal Og6g4] White threatens Rxg4+! and mate.} Re6+ {[%emt 0:01:08] White really could win this.   Weighted Error Value: White=0.22 (precise) /Black=0.19 (very precise)   Loses game:     	---       	Black=1      Missed win:     	White=1     	---        Mistake:       	White=8     	Black=3      Inaccurate:     	White=1     	Black=3      OK:         	White=18    	Black=12     Best:        	White=7     	Black=5      Strong:       	White=2     	Black=3} 1/2-1/2

[Event "Budapest One Week IM-A 03-2025"]
[Site "Budapest"]
[Date "2025.03.18"]
[Round "2.2"]
[White "Singh, Siddharth"]
[Black "Krizsany, Laszlo"]
[Result "1/2-1/2"]
[Annotator "TA"]
[ECO "B12"]
[WhiteElo "2239"]
[BlackElo "2287"]
[PlyCount "73"]
[EventDate "2025.03.17"]
[EventType "tourn"]
[EventCountry "HUN"]
[SourceTitle "playchess.com"]
[Source "ChessBase"]
[SourceQuality "1"]
[TimeControl "5400+30"]

1. e4 c6 2. d4 d5 3. e5 Bf5 4. Nf3 e6 5. Be2 c5 6. c3 Nc6 7. O-O cxd4 {[%emt 0:01:27] B12: Caro-Kann: Advance Variation.} 8. Nxd4 Nge7 9. Bb5 (9. Nxf5 {simplifies} Nxf5 10. Bd3 Be7 11. Qe2) 9... Bxb1 10. Bg5 $146 {[%emt 0:10:57][%cal Od4c6] [#]} (10. Rxb1 a6 11. Bxc6+ Nxc6 12. Nxc6 bxc6 13. Qg4 h5 14. Qe2 Be7 15. b4 Qd7 16. Be3 {1-0 De Boer,E (2346)-Kovchan,A (2491) Groningen op 59th 2023 (8)}) 10... Qd7 11. Rxb1 a6 12. Bxe7 Bxe7 13. Qa4 Rc8 14. Bxc6 bxc6 15. Nf3 O-O 16. c4 Qb7 17. Qc2 a5 18. b3 Qa6 19. c5 Qa7 20. Rbc1 Rb8 21. Nd4 {[%emt 0:01:22] Dodges Rb5} Rfc8 22. a3 Bf8 23. f4 g6 24. g4 Qc7 25. g5 Qe7 26. Qd2 Qa7 27. Qc3 h6 28. h4 {[%emt 0:01:19][%cal Oh4h5] White is much more active.} h5 29. Qc2 Kg7 30. Kg2 Be7 31. Rf3 Rc7 32. Qc3 {[%emt 0:02:24][%cal Of4f5] [#] and f5! should not be overlooked} (32. f5 {feels hotter.} exf5 33. e6 Rf8 34. exf7 Rxf7 35. Ne6+) 32... Kg8 33. Rg3 Bf8 34. Qc2 Bg7 35. Qc3 Bf8 36. Qc2 Bg7 37. Qc3 {[%emt 0:00:09] Weighted Error Value: White=0.12 (very precise) /Black=0.11 (very precise)   Inaccurate:     	White=6     	Black=6      OK:         	White=11    	Black=11     Best:        	---       	Black=2} 1/2-1/2

[Event "Budapest One Week IM-A 03-2025"]
[Site "Budapest"]
[Date "2025.03.18"]
[Round "2.3"]
[White "Ratsma, Midas"]
[Black "Nakahara, Kan"]
[Result "1/2-1/2"]
[Annotator "TA"]
[ECO "C45"]
[WhiteElo "2268"]
[BlackElo "2113"]
[PlyCount "67"]
[EventDate "2025.03.17"]
[EventType "tourn"]
[EventCountry "HUN"]
[SourceTitle "playchess.com"]
[Source "ChessBase"]
[SourceQuality "1"]
[TimeControl "5400+30"]

1. e4 e5 2. Nf3 Nc6 3. d4 exd4 4. Nxd4 Nf6 5. Nxc6 bxc6 6. e5 Nd5 7. c4 Nb6 8. Bd3 Bb4+ (8... g6 $11 {remains equal.}) 9. Nc3 {[%emt 0:03:21] C45: Scotch Game.} O-O 10. O-O Re8 $146 (10... Qe7 11. Bf4 d5 12. Qh5 g6 13. Qh6 Ba6 14. Rae1 Rfe8 15. Re3 Qf8 16. Qxf8+ Kxf8 17. cxd5 Bxc3 18. Bxa6 {½-½ Barbosa,E (2449)-Paveto,K (2437) Florianopolis Masters 2015 (1)}) 11. Re1 {[%emt 0:06:52] White is better.} d5 12. exd6 cxd6 {[%emt 0:12:28] [#]} 13. Bg5 $1 Rxe1+ 14. Qxe1 f6 15. Qe4 {[%emt 0:07:56] White is more active.} g6 $1 16. Bh4 Bxc3 17. bxc3 Bf5 18. Qf3 Bxd3 19. Qxd3 Qe7 20. f3 Qe6 21. c5 dxc5 22. Re1 Qxa2 23. Bxf6 Qf7 24. Qd6 {[%emt 0:05:23][%csl LRc5,LRc6][%cal Oe1e7] [#]} Re8 25. Re7 Rxe7 26. Bxe7 $11 {[%emt 0:00:05][%mdl 4096] Endgame KQB-KQN. Black is a pawn up.} Qd5 27. Qb8+ (27. Qxc5 $2 Qd1+ 28. Kf2 Qd2+ 29. Kg3 Nd5 $19) 27... Kf7 28. Qf8+ (28. Qxa7 $2 {perishes.} Nc8 29. Qxc5 Qd1+ (29... Nxe7 $2 30. Qe3 $19) 30. Kf2 Qd2+ (30... Nxe7 $2 31. h3 $19) 31. Kg3 Nxe7 $19) 28... Ke6 29. Qf6+ Kd7 {[%emt 0:00:01] aiming for ...Qe6.} 30. Qg7 (30. Qf8 $1 $11) 30... Qd1+ ({Black should play} 30... Kc8 $1 $15) 31. Kf2 {[%emt 0:00:06] The position is equal.} Qd2+ 32. Kf1 {[%emt 0:01:02] Strongly threatening Bg5+.} Qd3+ 33. Kf2 Qd2+ 34. Kf1 {[%emt 0:00:05] Weighted Error Value: White=0.22 (precise) /Black=0.12 (very precise)   Mistake:       	White=1     	Black=1      Inaccurate:     	White=3     	Black=2      OK:         	White=7     	Black=14     Best:        	White=3     	Black=1      Strong:       	---       	Black=1} 1/2-1/2

[Event "Budapest One Week IM-A 03-2025"]
[Site "Budapest"]
[Date "2025.03.18"]
[Round "2.4"]
[White "Foldes, Marton Gabor"]
[Black "Tscheuschner, Georg"]
[Result "1-0"]
[Annotator "TA"]
[ECO "B95"]
[WhiteElo "2332"]
[BlackElo "2236"]
[PlyCount "59"]
[EventDate "2025.03.17"]
[EventType "tourn"]
[EventCountry "HUN"]
[SourceTitle "playchess.com"]
[Source "ChessBase"]
[SourceQuality "1"]
[TimeControl "5400+30"]

1. e4 c5 2. Nf3 d6 3. d4 cxd4 4. Nxd4 Nf6 5. Nc3 a6 6. Bg5 e6 7. Qf3 Nbd7 8. O-O-O Qc7 9. Qg3 b5 10. Bxb5 axb5 11. Ndxb5 Qb7 {[%emt 0:02:59] B95: Sicilian Najdorf: 6 Bg5 e6, unusual White 7th moves.} (11... Qb8 {simplifies} 12. Nxd6+ Bxd6 13. Qxd6 Qxd6 14. Rxd6 h6) 12. Nxd6+ (12. Rxd6 $11 Ra5 (12... Nxe4 $2 13. Rxd7 Bxd7 14. Nc7+ $18) 13. Bxf6 gxf6 (13... Nxf6 14. Rhd1 $14) 14. a4) 12... Bxd6 $17 13. Qxd6 Ra6 {[%emt 0:06:52] Black is slightly better. Prevents e5} (13... Nxe4 14. Qe7#) 14. Qg3 O-O (14... Nxe4 15. Nxe4 Qxe4 16. Rxd7 Kxd7 17. Rd1+ Kc6 18. Qb8) 15. f3 $146 (15. Rhe1 e5 16. Re3 Re8 17. f3 h6 18. Bxf6 Nxf6 19. Red3 Qc7 20. Nb5 Qb6 21. Na3 {0-1 Todorovic,G (2406)-Sturt,R (2490) Belgrade Spring GM1 2021 (7)}) 15... e5 16. h4 {[%emt 0:02:24] Black has space advantage and is better} Rb6 17. h5 $1 Rxb2 $2 (17... Re8 $15 18. b3 Qc7) 18. Bh6 $2 ({White has to play} 18. Bxf6 $1 $18 Nxf6 19. h6) 18... g6 $11 {[%emt 0:01:16][%cal Ob7b4] Threatens to win with ...Qb4!.} 19. hxg6 fxg6 20. Bxf8 $40 {[%emt 0:00:19][%mdl 128] Black needs to defend precisely.} Kxf8 21. f4 Nxe4 22. Qh4 {[%emt 0:02:50] The board is on fire.} Qc7 {[%emt 0:03:09][%mdl 8192] Prevents Qd8+} 23. Rd3 $1 $18 (23. Nxe4 $2 Qxc2#) (23. Kxb2 Qxc3+ 24. Kb1 Qb4+ 25. Ka1 Qc3+ 26. Kb1 Qb4+ 27. Ka1 Qc3+ 28. Kb1 $11) 23... Ba6 $2 {[%emt 0:05:50] [#]} (23... Nxc3 {might work better.} 24. Kxb2 Na4+ 25. Ka1 Ba6) 24. Rf3 $1 (24. Nxe4 $2 Qxc2#) ({Avoid the trap} 24. Rxd7 $2 Rxc2+ 25. Kxc2 Qxc3+ 26. Kd1 (26. Kb1 {is a self mate.} Bd3+ 27. Rxd3 Qxd3+ 28. Kb2 Qc3+ 29. Kb1 Nd2#) 26... Qa1+ 27. Kc2 Qxa2+ 28. Kc1 Qa1+ (28... Qxg2 29. Qd8#) 29. Kc2 Qa4+ 30. Kb2 Qxd7 $19) 24... Be2 {[%emt 0:02:52] [#]} (24... Nxc3 $142 25. fxe5+ (25. Kxb2 Qb6+ 26. Kxc3 Qd4+ 27. Kb3 Bc4+ 28. Ka3 Qa7+ 29. Kb2 Qxa2+ 30. Kc3 Ke8 $18) 25... Ke8 26. Kxb2 Qb6+ 27. Kxc3 Bb7) 25. Re3 $2 (25. Nxe2 $2 Qxc2#) (25. Kxb2 Bxf3 26. Nd5 Qb7+ 27. Ka1 Qxd5 $11) (25. Qh6+ $1 $18 Ke8 26. Qxh7) 25... Nxc3 $11 26. Rxc3 Qxc3 27. Qd8+ Kf7 $4 (27... Kg7 $11 28. Qxd7+ Kf6 29. fxe5+ Qxe5 30. Qd8+ Kf5 31. Qf8+ Kg4 32. Qc8+ Kg5 (32... Kg3 33. Qh3+ Kf2 34. Qh4+ Qg3 35. Qd4+ Qe3+ 36. Qxe3+ Kxe3 37. Kxb2 $18) 33. Qd8+ Kf5) 28. Rxh7+ {[%emt 0:00:39] White mates.} Ke6 29. Qxd7+ Kf6 30. Rf7# {[%emt 0:00:18] Weighted Error Value: White=0.31/Black=1.11  Loses game:     	---       	Black=3      Missed win:     	White=2     	---        Mistake:       	White=1     	Black=2      Inaccurate:     	White=1     	Black=1      OK:         	White=3     	Black=2      Best:        	White=2     	Black=4      Strong:       	White=3     	---} 1-0